 Dungeon Crawl Stone Soup version 0.29-a0-221-gceb61267dd (webtiles) character file.

Game seed: 16500945614975712213

36 Aksej the Skirmisher (level 3, 0/29 HPs)
             Began as a Demonspawn Monk on Feb 26, 2022.
             Slain by Terence
             ... wielding a +0 flail
              (12 damage)
             ... on level 1 of the Dungeon.
             The game lasted 00:02:23 (1324 turns).

Aksej the Skirmisher (Demonspawn Monk)              Turns: 1324, Time: 00:02:24

Health: 0/29       AC:  2    Str: 11    XL:     3   Next: 19%
Magic:  3/3        EV: 13    Int: 11    God:
Gold:   76         SH:  0    Dex: 17    Spells: 2/2 levels left

rFire   . . .      SeeInvis .   a - +1 mace
rCold   . . .      Faith    .   (no shield)
rNeg    . . .      Spirit   .   b - +0 robe
rPois   .          Reflect  .   (helmet restricted)
rElec   .          Harm     .   (no cloak)
rCorr   .          Rampage  .   (no gloves)
Will    .....                   (no boots)
Stlth   ++........              (no amulet)
HPRegen 0.09/turn               (no ring)
MPRegen 0.08/turn               (no ring)

@: no status effects
A: horns 1, demonic guardian 1
a: no special abilities


You were on level 1 of the Dungeon.
You visited 1 branch of the dungeon, and saw 2 of its levels.

You collected 76 gold pieces.

Inventory:

Hand Weapons
 a - a +1 mace (weapon)
Missiles
 c - 3 silver javelins (quivered)
Armour
 b - a +0 robe (worn)


   Skills:
 * Level 3.5 Fighting
 + Level 3.2 Maces & Flails
 + Level 3.0 Dodging
 + Level 1.8 Stealth


You had 2 spell levels left.
You didn't know any spells.
Your spell library contained the following spells:

 Spells                   Type           Power      Damage    Failure   Level
 Shock                    Conj/Air       0%         1d3       34%         1
 Scorch                   Fire           0%         2d5       47%         2
 Swiftness                Air            0%         N/A       71%         3
 Airstrike                Air            0%         N/A       98%         4
 Flame Wave               Conj/Fire      0%         2d4       98%         4
 Summon Cactus Giant      Summ           0%         N/A       100%        6


Dungeon Overview and Level Annotations

Branches:
Dungeon (2/15)

Altars:

Annotations:
D:1 Terence
D:2 Natasha


Innate Abilities, Weirdness & Mutations

You have a pair of small horns on your head.
A weak demonic guardian rushes to your aid.


Message History

Terence is lightly wounded.
Terence barely misses you. Terence closely misses you.
You hit Terence. Your headbutt misses Terence.
Terence is moderately wounded.
You hear a zap.
Some rock shatters into small pieces.
Terence closely misses you.
You closely miss Terence.
Terence is moderately wounded.
Terence shouts, "Now you die!" Terence closely misses you.
The frilled lizard bites you.
A demonic guardian appears!
Natasha zaps a wand.
Some rock shatters into small pieces.
Natasha casts a spell.
Your iron imp barely misses Terence.
Your iron imp hits the frilled lizard.
The frilled lizard dies!
Your iron imp hits Natasha!
Natasha wildly gestures.
Natasha's front paws start to glow.
Natasha mumbles some strange words.
The crimson imp puffs mist at you.
The crimson imp blinks!
You hear a zap.
You hear a grinding noise.
There is a stone staircase leading up here.
Terence hits you with a +0 flail.
Natasha casts a spell.
You climb upwards.
There is a stone staircase leading down here.
You hit Terence but do no damage.
Terence is moderately wounded.
Terence hits you with a +0 flail. Terence closely misses you.
You closely miss Terence.
Terence is moderately wounded.
Terence hits you with a +0 flail.
You aren't carrying any potions.
There are no items here.
As you read the scroll labelled DAOMNIH WIUM, it crumbles to dust.
It is a scroll of enchant weapon.
Your +0 mace glows red for a moment.
Terence hits you with a +0 flail!
You die...

#.# #####.####.##### #.#
#..#...^...#
#.##########..#.#.....#
##.##..........#.#######
.......######..........#
.......#######...#####.#
.......#...........# #.#
.............#...#.###.#
.......#...###†#@#.....#
.......#.......#@#######
.......#...#####.#
.......###.# #.#
##'##### #.# #.# #...#
#.# #.# ♣♣♣♣.# #.# #.#
÷....# #.# #.# ♣♣♣♣##
#.# #.#


You could see Terence.

Vanquished Creatures
  2 dart slugs (D:1)
  5 ball pythons (D:1)
  2 endoplasms (D:1)
  4 goblins (D:1)
  2 hobgoblins (D:1)
  2 quokkas (D:1)
  5 bats
  4 kobolds (D:1)
  2 rats
28 creatures vanquished.

Vanquished Creatures (collateral kills)
  A frilled lizard (D:2)
1 creature vanquished.

Vanquished Creatures (others)
  3 plants (D:1)
3 creatures vanquished.

Grand Total: 32 creatures vanquished

Notes
Turn   | Place    | Note
-------+----------+-------------------------------------------
     0 | D:1      | Aksej the Demonspawn Monk began the quest for the Orb.
     0 | D:1      | Reached XP level 1. HP: 18/18 MP: 1/1
   276 | D:1      | Gained mutation: A weak demonic guardian rushes to your
                  | aid. [demonic ancestry]
   276 | D:1      | Reached XP level 2. HP: 24/24 MP: 2/2
   774 | D:1      | Gained mutation: You have a pair of small horns on your
                  | head. [demonic ancestry]
   774 | D:1      | Reached XP level 3. HP: 26/29 MP: 3/3
  1293 | D:2      | Noticed Terence
  1297 | D:2      | Noticed Natasha
  1324 | D:1      | Slain by Terence

Illustrated notes

Levels and vault maps discovered:
D:1:      dpeg_arrival_rooms_c, layout_basic, serial_forest,
          infiniplex_forest_straight_2, infiniplex_forest_lined_room_,
          infiniplex_forest_clump_double, infiniplex_forest_straight_3,
          infiniplex_forest_straight_3, infiniplex_forest_straight_4,
          infiniplex_forest_straight_4, infiniplex_forest_end_1,
          infiniplex_forest_lined_2, infiniplex_forest_lined_2,
          nrook_loot_triangle
D:2:      layout_loops_cross, basic_altar, uniq_terence, uniq_natasha

Skill      XL: |  1  2 |
---------------+-------+-----
Maces & Flails | 3 |  3.2
Dodging        | 3 |  3.0
Fighting       | |  3.5
Stealth        | |  1.8

Action                   || total
-------------------------++-------
Melee: Mace              ||    76
       Headbutt          ||     6
Throw: Boomerang         ||     7
       Javelin           ||     1
  Use: Scroll            ||     2
 Stab: Sleeping          ||     2
Armor: Robe              ||    15
Dodge: Dodged            ||    63

Table legend: (Time is in decaauts)
 A = Elapsed time spent in this place.
 B = Non-inter-level travel time spent in this place.
 C = Inter-level travel time spent in this place.
 D = Time resting spent in this place.
 E = Time spent auto-exploring this place.
 F = Levels seen in this place.
 G = Mean time per level.
                   A        B        C        D        E       F      G
               +--------+--------+--------+--------+--------+-----+--------+
         Total |   1345 |   1322 |     23 |      0 |   1073 |   2 |  672.5 |
       Dungeon |   1345 |   1322 |     23 |      0 |   1073 |   2 |  672.5 |
               +--------+--------+--------+--------+--------+-----+--------+

Top non-repeatable levels by time:
     D:1: 1272 daAuts
     D:2: 73 daAuts
